 Dungeon Crawl Stone Soup version 0.25-a0-62-g88673ef095 (webtiles) character file.

Game seed: 9453510147552092418, levelgen mode: deterministic

1286 Goblin1989 the Cudgeler (level 8, -4/62 HPs)
             Began as a Demonspawn Hunter on Oct 31, 2019.
             Was a Follower of Fedhas.
             Slain by a hornet (9 damage)
             ... on level 6 of the Dungeon.
             The game lasted 00:11:55 (7553 turns).

Goblin1989 the Cudgeler (Demonspawn Hunter)         Turns: 7553, Time: 00:11:56

Health: -4/62      AC:  9    Str: 13 (15) XL:     8   Next: 30%
Magic:  0/8        EV: 10    Int: 10 (12) God:    Fedhas [*.....]
Gold:   425        SH:  4    Dex: 11 (14) Spells: 7/7 levels left

rFire    . . .     SeeInvis .   b - +0 flail
rCold    . . .     Gourm    .   I - +0 buckler
rNeg     . . .     Faith    .   Q - +0 scale mail
rPois    .         Spirit   +   z - +0 helmet
rElec    .         Reflect  .   M - +0 cloak
rCorr    .         Harm     .   K - +0 pair of gloves
MR       .....                  (boots unavailable)
Stlth    ..........             (no amulet)
HPRegen  0.20/turn              (no ring)
MPRegen  0.11/turn              (no ring)

@: slowed, very slow
A: talons 3, powered by pain 1, magic shield
a: Renounce Religion


You were on level 6 of the Dungeon.
You worshipped Fedhas.
Fedhas was aware of your devotion.
You were not hungry.

You visited 2 branches of the dungeon, and saw 7 of its levels.

You collected 425 gold pieces.

Inventory:

Hand Weapons
 a - a +1 hand crossbow
 b - a +0 flail (weapon)
Missiles
 d - 102 bolts
 p - 8 javelins (quivered) {@Q2}
Armour
 z - a +0 helmet (worn)
 I - a +0 buckler (worn)
 K - a +0 pair of gloves (worn)
 M - a +0 cloak (worn)
 N - the +4 robe of Complete Protection {rF- Str+4, unknown}
   (You found it on level 5 of the Dungeon)

   It affects your strength (+4).
   It makes you vulnerable to fire.
 Q - a +0 scale mail (worn)
Wands
 B - a wand of scattershot (1) {@v5}
 H - a wand of paralysis (8) {@v7}
Scrolls
 f - 2 scrolls of immolation {unknown}
 k - a scroll of magic mapping {unknown}
 l - 8 scrolls of identify {unknown}
 m - 3 scrolls of teleportation {unknown}
 q - 2 scrolls of enchant weapon {unknown}
 s - 9 scrolls of remove curse {unknown}
 u - 2 scrolls of noise {unknown}
 v - a scroll of amnesia {unknown}
 x - a scroll of fear {unknown}
 y - a scroll of enchant armour {unknown}
Potions
 j - a potion of mutation {unknown}
 o - a potion of resistance {unknown}
 t - a potion of flight {unknown}
 w - a potion of ambrosia {unknown}
 D - 2 potions of might {unknown}
 F - a potion of degeneration
 G - a potion of heal wounds {unknown}
 J - 2 potions of brilliance {unknown}
 L - a potion of curing {@q1}
 O - a potion of haste {unknown}
Comestibles
 e - 12 rations


   Skills:
 + Level 5.2 Fighting
 * Level 5.5 Maces & Flails
 + Level 5.1 Crossbows
 + Level 1.0 Armour
 + Level 3.7 Dodging
 - Level 0.8 Stealth
 + Level 2.0 Shields


You had 7 spell levels left.
You didn't know any spells.
Your spell library was empty.

Dungeon Overview and Level Annotations

Branches:
Dungeon (6/15)             Temple (1/1) D:5

Altars:
Ashenzari
Cheibriados
Dithmenos
Elyvilon
Fedhas
Gozag
Hepliaklqana
Kikubaaqudgha
Okawaru
Ru
Sif Muna
Uskayaw
Vehumet
Wu Jian
Xom
Yredelemnul
Zin
The Shining One


Innate Abilities, Weirdness & Mutations

You have claws for feet.
You sometimes gain a little power by taking damage.
When hurt, damage is shared between your health and your magic reserves.


Message History

You hit the sky beast but do no damage. You claw the sky beast.
The sky beast is heavily wounded.
The sky beast hits you but does no damage.
You hit the sky beast but do no damage. Your kick misses the sky beast.
The sky beast is heavily wounded.
The sky beast hits you. The sky beast shocks you.
The sky beast flickers out of sight!
Deactivating autopickup; reactivate with Ctrl-A.
Something hits you. Something shocks you.
You take 12 damage, and have 44/62 hp.
You now have 6/8 mp.
Something hits you but does no damage.
A sky beast appears from thin air!
Reactivating autopickup.
The sky beast flickers out of sight!
Deactivating autopickup; reactivate with Ctrl-A.
MP restored: 8 A sky beast appears from thin air!
Reactivating autopickup.
Your shield and scale mail prevent you from hitting the sky beast.
The sky beast is heavily wounded.
The sky beast flickers out of sight!
Deactivating autopickup; reactivate with Ctrl-A.
Something hits you. Something shocks you.
You take 6 damage, and have 42/62 hp.
You now have 6/8 mp.
You miss something. You claw something. Something hits you but does no damage.
You closely miss something. Something hits you but does no damage.
Your shield and scale mail prevent you from hitting something.
Something hits you but does no damage.
You hit something. Your kick misses something.
Something hits you but does no damage. x2
You closely miss something. You claw something. Something hits you.
Something shocks you.
You take 7 damage, and have 37/62 hp.
You miss something.
A sky beast appears from thin air!
Reactivating autopickup.
The sky beast hits you. The sky beast shocks you.
You take 4 damage, and have 33/62 hp.
You now have 4/8 mp.
You miss the sky beast. Your kick misses the sky beast.
The sky beast is severely wounded.
The sky beast hits you but does no damage.
You closely miss the sky beast. Your kick misses the sky beast.
The sky beast is severely wounded.
The sky beast hits you but does no damage.
You hit the sky beast. You claw the sky beast.
The sky beast is almost dead.
The sky beast hits you but does no damage.
You hit the sky beast.
You kill the sky beast!
Fedhas accepts your kill.
Your Armour skill increases to level 1!
Your Shields skill increases to level 2!
Unknown command.
Unknown command.
Eating one of 5 chunks of flesh.
You eat one of the 5 chunks of flesh.
This raw flesh tastes terrible.
All of the chunks of flesh in your inventory have rotted away.
Key pressed, stopping explore.
There is an open door here.
A hornet comes into view.
The hornet buzzes angrily.
The hornet stings you but does no damage.
Health restored: 62; MP restored: 8 A hornet is nearby!
Unknown command.
You hit the hornet.
The hornet is lightly wounded.
The hornet stings you!
You feel yourself slow down.
The hornet stings you but does no damage.
You take 9 damage, and have 53/62 hp.
You now have 7/8 mp.
You closely miss the hornet.
The hornet is lightly wounded.
The hornet stings you!
You are poisoned.
You feel as though you will be slow longer.
The hornet stings you!
You suddenly lose the ability to move!
You feel sick. The hornet stings you!
* * * LOW HITPOINT WARNING * * *
You feel as though you will be slow longer.
The hornet stings you!
* * * LOW HITPOINT WARNING * * *
You are more poisoned.
You feel as though you will be slow longer.
You feel sick.
The hornet stings you but does no damage.
You can move again.
You take 38 damage, and have 15/62 hp.
MASSIVE DAMAGE!!
You now have 2/8 mp.
Unknown command.
You feel better. The hornet closely misses you. The hornet stings you!
* * * LOW HITPOINT WARNING * * *
You feel as though you will be slow longer.
The hornet stings you!
* * * LOW HITPOINT WARNING * * *
You feel as though you will be slow longer.
You take 11 damage, and have 4/62 hp.
You now have 0/8 mp.
It was a potion of degeneration.
There was something very wrong with that liquid.
You feel weakened.
You feel dopey.
You feel clumsy. The hornet stings you!
You die...
Fedhas appreciates your contribution to the ecosystem.

█.█ █.███.██ ██.██ █†█
█.███.███.█ █.█ █.█
█.........█ █.█ █.█
█████.█████ ██∆██ █.█ █.█
██...██ █.█
█.█████████.....██ █.███
█.█.....██.......██ █....
█...█ █y█.........████)..
█...█ █.@.........∆.)))..
███...███...........████...
█...≈......█.......██ ██.█
█.....█.██.██.....██ ███
█.......██.███...██
█.....████.█


██▲██ █.....█ █.. ███.██████.. █........ You could see a hornet.

Vanquished Creatures
  Sigmund (D:5)
  A sky beast (D:6)
  An ice beast (D:6)
  An ogre (D:4)
  2 bullfrogs (D:6)
  A vampire bat (D:3)
  A howler monkey (D:4)
  2 bullfrog zombies
  A centaur skeleton (D:5)
  Jessica (D:3)
  Natasha (thrice) (D:4)
  2 iguanas
  2 orc wizards
  A worker ant (D:6)
  A hound skeleton (D:6)
  6 gnolls
  5 adders
  A shadow imp (D:5)
  2 oozes
  2 worms
  2 dart slugs
  3 fire bats (D:3)
  3 leopard geckos
  23 orcs
  2 spectral bats (D:3)
  13 bats
  3 bat skeletons (D:3)
  A bat zombie (D:3)
  4 giant cockroaches
  6 goblins
  4 hobgoblins
  4 kobolds
  6 quokkas
  A ball python (D:3)
  A bat simulacrum (D:3)
  12 frilled lizards
  A quokka skeleton (D:6)
  6 rats
132 creatures vanquished.

Vanquished Creatures (others)
  A plant (D:3)
1 creature vanquished.

Grand Total: 133 creatures vanquished

Notes
Turn   | Place    | Note
-------+----------+-------------------------------------------
     0 | D:1      | Goblin1989 the Demonspawn Hunter began the quest for the
                  | Orb.
     0 | D:1      | Reached XP level 1. HP: 16/16 MP: 1/1
   474 | D:1      | Gained mutation: You have sharp toenails. [demonic
                  | ancestry]
   474 | D:1      | Reached XP level 2. HP: 23/23 MP: 2/2
   996 | D:2      | Found an ancient bone altar of Kikubaaqudgha.
  1034 | D:2      | Reached skill level 1 in Maces & Flails
  1062 | D:2      | Gained mutation: You have razor-sharp toenails. [demonic
                  | ancestry]
  1062 | D:2      | Reached XP level 3. HP: 7/29 MP: 3/3
  1831 | D:2      | Reached XP level 4. HP: 35/35 MP: 4/4
  2991 | D:3      | Noticed Jessica
  2993 | D:3      | Killed Jessica
  2993 | D:3      | Gained mutation: You sometimes gain a little power by
                  | taking damage. [demonic ancestry]
  2993 | D:3      | Reached XP level 5. HP: 42/42 MP: 5/5
  3688 | D:3      | Gained mutation: When hurt, damage is shared between your
                  | health and your magic reserves. [demonic ancestry]
  3688 | D:3      | Reached XP level 6. HP: 47/48 MP: 6/6
  3916 | D:4      | Noticed Natasha
  3932 | D:4      | Killed Natasha
  3934 | D:4      | Noticed Natasha
  3941 | D:4      | Killed Natasha
  4892 | D:4      | Reached XP level 7. HP: 43/55 MP: 5/7
  4929 | D:4      | Noticed Natasha
  4946 | D:4      | Killed Natasha
  5472 | D:5      | Entered Level 5 of the Dungeon
  5599 | D:5      | Noticed Sigmund
  5606 | D:5      | Killed Sigmund
  5606 | D:5      | Reached skill level 1 in Shields
  5672 | D:5      | Found a staircase to the Ecumenical Temple.
  5680 | Temple   | Entered the Ecumenical Temple
  5835 | Temple   | Became a worshipper of Fedhas Madash
  5890 | D:5      | Found a hide-covered altar of Uskayaw.
  5890 | D:5      | Found a shimmering altar of Xom.
  5891 | D:5      | Found an iron altar of Okawaru.
  5891 | D:5      | Found an ornate altar of the Wu Jian Council.
  5910 | D:5      | Found a shadowy altar of Dithmenos.
  5911 | D:5      | Found a snail-covered altar of Cheibriados.
  6099 | D:5      | Reached skill level 5 in Maces & Flails
  6180 | D:5      | Got a warped robe
  7177 | D:6      | Reached skill level 5 in Fighting
  7177 | D:6      | Gained mutation: You have claws for feet. [demonic
                  | ancestry]
  7177 | D:6      | Reached XP level 8. HP: 45/62 MP: 6/8
  7278 | D:6      | Reached skill level 5 in Crossbows
  7386 | D:6      | Reached * piety under Fedhas
  7386 | D:6      | Reached skill level 1 in Armour
  7547 | D:6      | Noticed a hornet
  7549 | D:6      | Paralysed by a hornet for 3 turns
  7553 | D:6      | Slain by a hornet

Levels and vault maps discovered:
D:1:      elethiomel_arrival_infinity_welcomes_careful_drivers,
          layout_loops_ring, minmay_misc_feat_secret_circle
D:2:      layout_basic, kiku_gazebo_garden_becter, first_ration
D:3:      wad_woods_tower, layout_basic, goddamned_bats, uniq_jessica
D:4:      layout_rooms, columned_hall_lemuel, uniq_natasha
D:5:      layout_loops_ring, grunt_temple_overflow_open,
          minmay_temple_entry_statues_pillars, minmay_lizard_king, uniq_sigmund
D:6:      layout_loops_corners, kennysheep_small_circle
Temple:   minmay_temple_curvy_loop

Skill      XL: |  1  2  3  4  5  6  7  8 |
---------------+-------------------------+-----
Fighting       | 3 4 5 |  5.2
Maces & Flails | 1 2 3 4 5 |  5.5
Dodging        | 2 3 |  3.7
Crossbows      | 4 5 |  5.1
Shields        | 1 2 |  2.0
Armour         | 1 |  1.0
Stealth        | |  0.8

Action                   |  1- 3 |  4- 6 |  7- 9 || total
-------------------------+-------+-------+-------++-------
Melee: Mace              |    42 |       |       ||    42
       Kick              |    10 |    40 |    41 ||    91
       Flail             |    10 |   192 |   150 ||   352
 Fire: Hand crossbow     |    13 |    31 |       ||    44
Evoke: Wand              |       |     1 |       ||     1
  Use: Potion            |       |       |     3 ||     3
 Stab: Sleeping          |     2 |     2 |     1 ||     5
  Eat: Chunk             |     2 |    11 |     5 ||    18
       Ration            |       |       |     1 ||     1
Armor: Leather armour    |     8 |    93 |    19 ||   120
       Scale mail        |       |       |    30 ||    30
Dodge: Dodged            |    35 |   181 |    66 ||   282
Block: Buckler           |       |       |    20 ||    20

Table legend:
 A = Non-vault XP
 B = Vault XP
 C = Vault XP percentage of total XP
 D = Non-vault monster count
 E = Vault monster count
 F = Vault count percentage of total count
                 A         B        C        D         E       F
            +---------+---------+-------+---------+---------+-------
      Total |    1289 |     549 |  29.9 |      96 |      36 |  27.3
            +---------+---------+-------+---------+---------+-------
        D:1 |      21 |       0 |   0.0 |      11 |       0 |   0.0
        D:2 |      92 |       0 |   0.0 |      17 |       0 |   0.0
        D:3 |      30 |     248 |  89.2 |      17 |      27 |  61.4
        D:4 |     425 |      72 |  14.5 |      29 |       2 |   6.5
        D:5 |     145 |     229 |  61.2 |       8 |       7 |  46.7
        D:6 |     576 |       0 |   0.0 |      14 |       0 |   0.0
            +---------+---------+-------+---------+---------+-------

Levels and vault maps discovered:
D:1:      elethiomel_arrival_infinity_welcomes_careful_drivers,
          layout_loops_ring, minmay_misc_feat_secret_circle
D:2:      layout_basic, kiku_gazebo_garden_becter, first_ration
D:3:      wad_woods_tower, layout_basic, goddamned_bats, uniq_jessica
D:4:      layout_rooms, columned_hall_lemuel, uniq_natasha
D:5:      layout_loops_ring, grunt_temple_overflow_open,
          minmay_temple_entry_statues_pillars, minmay_lizard_king, uniq_sigmund
D:6:      layout_loops_corners, kennysheep_small_circle
Temple:   minmay_temple_curvy_loop
